 Dungeon Crawl Stone Soup version 0.30-a0-722-g3e6e8c874d (webtiles) character file.

Game seed: 14993216578693815584

85 pokeman the Magician (level 4, -2/25 HPs)
             Began as a Deep Elf Hedge Wizard on Jan 28, 2023.
             Slain by a lemure (3 damage)
             ... led by Pikel
             ... on level 4 of the Dungeon.
             The game lasted 00:04:33 (1865 turns).

pokeman the Magician (Deep Elf Hedge Wizard)        Turns: 1865, Time: 00:04:34

Health: -2/25      AC:  4    Str:  7    XL:     4   Next: 25%
Magic:  13/13      EV: 12    Int: 21    God:
Gold:   133        SH:  0    Dex: 14    Spells: 3/14 levels left

rFire   . . .      SeeInvis .    a - +0 dagger
rCold   . . .      Faith    .    (no shield)
rNeg    . . .      Spirit   .    b - +0 robe
rPois   .          Reflect  .    c - +0 hat
rElec   .          Harm     .    (no cloak)
rCorr   .          Rampage  .    q - +1 pair of gloves
Will    .....                    (no boots)
Stlth   ++                       j - amulet of magic regeneration
HPRegen 0.24/turn                (no ring)
MPRegen 0.53/turn                (no ring)

@: no status effects
A: no striking features
a: no special abilities


You were on level 4 of the Dungeon.
You visited 1 branch of the dungeon, and saw 6 of its levels.

You collected 133 gold pieces.

Inventory:

Hand Weapons
 a - a +0 dagger (weapon)
Armour
 b - a +0 robe (worn)
 c - a +0 hat (worn)
 q - a +1 pair of gloves (worn)
 r - the +2 leather armour "Loneko" {rPois}
   (You found it on level 4 of the Dungeon)

   rPois:     It protects you from poison.
Jewellery
 j - an amulet of magic regeneration (around neck)
Wands
 k - a wand of light (11)
Scrolls
 e - a scroll of teleportation {unknown}
 h - a scroll of enchant weapon {unknown}
 m - a scroll of enchant armour {unknown}
 n - a scroll of noise {unknown}
 o - 2 scrolls of blinking {unknown}
Potions
 d - a potion of magic
 f - a potion of degeneration {unknown}
 g - a potion of curing {unknown}
 i - 2 potions of heal wounds {unknown}
 l - a potion of might {unknown}
 p - a potion of mutation {unknown}


   Skills:
 - Level 1.0 Fighting
 - Level 1.0 Armour
 + Level 2.7 Dodging
 + Level 2.7 Stealth
 * Level 5.5 Spellcasting
 + Level 2.1 Conjurations
 - Level 1.1 Summonings
 - Level 1.1 Translocations


You had 3 spell levels left.
You knew the following spells:

 Your Spells              Type           Power      Damage    Failure   Level
a - Magic Dart            Conj           60%        1d6       4%          1
b - Mephitic Cloud        Conj/Pois/Air  8%         N/A       22%         3
c - Call Imp              Summ           10%        N/A       10%         2
d - Blink                 Tloc           20%        N/A       10%         2
e - Stone Arrow           Conj/Erth      20%        3d8       21%         3

Your spell library contained the following spells:

 Spells                   Type           Power      Damage    Failure   Level
 Kiss of Death            Conj/Necr      40%        2d8       7%          1
 Slow                     Hex            20%        N/A       11%         1
 Cigotuvi's Dreadful Rot  Necr/Pois/Air  10%        N/A       16%         2
 Confusing Touch          Hex            5%         N/A       30%         3
 Vampiric Draining        Necr           5%         2d6       30%         3
 Dispel Undead            Necr           5%         3d7       71%         4
 Statue Form              Tmut/Erth      3%         N/A       100%        6
 Lehudib's Crystal Spear  Conj/Erth      5%         10d3      100%        8


Dungeon Overview and Level Annotations

Branches:
Dungeon (6/15)
 Temple: D:4-7

Altars:

Portals:
Sewer: D:3

Annotations:
D:3 Grinder
D:4 Dowan, Pikel


Message History

You feel sick.
Found 5 gold pieces.
You feel sick.
You feel sick.
Found a stone staircase leading down.
You feel sick.
You see here the +2 leather armour "Loneko" {rPois}.
r - the +2 leather armour "Loneko" {rPois} You feel sick.
You feel sick.
You feel sick.
The giant cockroach waves its antennae.
The giant cockroach attacks as you move away!
The giant cockroach bites you.
You feel sick.
You are no longer poisoned.
The giant cockroach attacks as you move away!
The giant cockroach barely misses you.
A hound comes into view.
Found a stone staircase leading down.
Found a stone staircase leading up.
The giant cockroach attacks as you move away!
The giant cockroach barely misses you.
A lemure comes into view.
The lemure shouts!
The giant cockroach completely misses you.
The hound barks!
Pikel, Merchant of Souls comes into view.
He is wielding a +0 whip of flaming. 2 lemures come into view.
A lemure comes into view.
The lemure shouts! x3
The giant cockroach attacks as you move away!
The giant cockroach barely misses you.
Pikel shouts!
The hound bites you but does no damage. The hound bites you.
* * * LOW HITPOINT WARNING * * *
The lemure hits you.
* * * LOW HITPOINT WARNING * * *
The giant cockroach closely misses you. The lemure hits you.
* * * LOW HITPOINT WARNING * * *
The hound barely misses you. The lemure hits you.
You die...

.....# . ..
####....#.#
..##.#.....#.#.
...#...........
...............
..........K.....
................
#..###.@55......
##....Bh5.......
...##..5........ ..
....#..K.$....# ..
#.............# .#
#.............##.###
#.............?....#
#.......##........#
#..............#..#


You could see Pikel, 4 lemures, a hound, a giant cockroach and a kobold.

Vanquished Creatures
  A worm (D:2)
  4 dart slugs
  2 orcs (D:3)
  3 bats (D:1)
  An endoplasm (D:3)
  A giant cockroach (D:2)
  4 goblins
  4 hobgoblins
  4 ball pythons
  2 frilled lizards
  5 kobolds
  4 rats
35 creatures vanquished.

Vanquished Creatures (collateral kills)
  A hound (D:5)
  3 orcs (D:3)
4 creatures vanquished.

Grand Total: 39 creatures vanquished

Notes
Turn   | Place    | Note
-------+----------+-------------------------------------------
     0 | D:1      | pokeman the Deep Elf Hedge Wizard began the quest for the
                  | Orb.
     0 | D:1      | Reached XP level 1. HP: 10/10 MP: 7/7
   216 | D:1      | Reached XP level 2. HP: 14/16 MP: 1/9
   812 | D:2      | Reached skill level 5 in Spellcasting
   957 | D:2      | Reached XP level 3. HP: 20/20 MP: 9/11
   961 | D:2      | Learned a level 3 spell: Mephitic Cloud
   964 | D:2      | Learned a level 2 spell: Call Imp
   967 | D:2      | Learned a level 2 spell: Blink
  1027 | D:2      | Found a faded altar of an unknown god.
  1255 | D:2      | Got the Parchment of Metallic Death
  1260 | D:2      | Learned a level 3 spell: Stone Arrow
  1335 | D:2      | Reached skill level 1 in Armour
  1544 | D:3      | Noticed Grinder
  1559 | D:3      | HP: 1/20 [Grinder/nerve-wracking pain (10)]
  1682 | D:3      | Reached skill level 1 in Fighting
  1721 | D:3      | Found a glowing drain.
  1721 | D:3      | You fall into a shaft and drop 3 floors!
  1725 | D:5      | Entered Level 5 of the Dungeon
  1769 | D:5      | Noticed a scorpion
  1793 | D:5      | Reached XP level 4. HP: 12/25 MP: 8/13
  1839 | D:4      | Noticed Dowan
  1842 | D:4      | Noticed a centaur
  1852 | D:4      | Identified the +2 leather armour "Loneko" {rPois}
  1859 | D:4      | Noticed a lemure
  1860 | D:4      | Noticed Pikel
  1861 | D:4      | Noticed a lemure
  1861 | D:4      | Noticed a lemure
  1861 | D:4      | Noticed a lemure
  1865 | D:4      | HP: 1/25 [lemure[Pikel] (3)]
  1865 | D:4      | Slain by a lemure

Illustrated notes

Levels and vault maps discovered:
D:1:      scummos_arrival_hexagon, layout_rooms
D:2:      layout_loops_ring, ebering_ecumenical_altar_mist
D:3:      layout_loops_cross, mainiacjoe_overflow_surrounded_room,
          amcnicky_altar_gilded, portal_sewer_entry_b,
          kennysheep_generic_room_10, uniq_grinder, uniq_natasha
D:4:      layout_cave_pools, minmay_manual_moon, uniq_duvessa, uniq_ijyb,
          uniq_edmund, uniq_pikel
D:5:      layout_cave_pods, gammafunk_ghost_arena, uniq_menkaure,
          uniq_crazy_yiuf_cottage
D:6:      layout_cave_pools, nicolae_yredelemnul_ghost_church,
          minmay_temple_entry_hall, serial_gnoll_camp, gnoll_camp_mini_hut,
          gnoll_camp_mini_basic, grums_kennel, gnoll_camp_mini_loothouse,
          gnoll_camp_mini_basic, uniq_eustachio

Skill      XL: |  1  2  3 |
---------------+----------+-----
Spellcasting   | 5 |  5.5
Armour         | 1 |  1.0
Fighting       | 1 |  1.0
Conjurations   | 2 |  2.1
Dodging        | |  2.7
Stealth        | |  2.7
Summonings     | |  1.1
Translocations | |  1.1

Action                     |  1- 3 |  4- 6 || total
---------------------------+-------+-------++-------
  Melee: Dagger            |    18 |       ||    18
   Cast: Magic Dart        |    97 |     1 ||    98
         Call Imp          |     4 |       ||     4
   Stab: Sleeping          |     1 |       ||     1
 Armour: Robe              |     9 |     1 ||    10
  Dodge: Dodged            |    31 |     7 ||    38

Table legend: (Time is in decaauts)
 A = Elapsed time spent in this place.
 B = Non-inter-level travel time spent in this place.
 C = Inter-level travel time spent in this place.
 D = Time resting spent in this place.
 E = Time spent auto-exploring this place.
 F = Levels seen in this place.
 G = Mean time per level.
                   A        B        C        D        E       F      G
               +--------+--------+--------+--------+--------+-----+--------+
         Total |   1863 |   1747 |    116 |      0 |   1253 |   6 |  310.5 |
       Dungeon |   1863 |   1747 |    116 |      0 |   1253 |   6 |  310.5 |
               +--------+--------+--------+--------+--------+-----+--------+

Top non-repeatable levels by time:
     D:2: 796 daAuts
     D:1: 784 daAuts
     D:3: 140 daAuts
     D:5: 113 daAuts
     D:4: 25 daAuts
     D:6: 3 daAuts
